 Dungeon Crawl Stone Soup version 0.28.0-45-g0d030f2227 (webtiles) character file.

Game seed: 13500439062999613625

49 zeratav the Insei (level 3, 0/24 HPs)
             Began as an Octopode Transmuter on Apr 10, 2022.
             Was an Initiate of Sif Muna.
             Killed from afar by Sigmund (5 damage)
             ... with a magic dart
             ... on level 2 of the Dungeon.
             The game lasted 00:03:57 (2147 turns).

zeratav the Insei (Octopode Transmuter)             Turns: 2147, Time: 00:03:57

Health: 0/24       AC:  1    Str:  9    XL:     3   Next: 75%
Magic:  6/6        EV: 13    Int: 15    God:    Sif Muna [......]
Gold:   59         SH:  0    Dex: 14    Spells: 5/6 levels left

rFire   . . .      SeeInvis .     - Unarmed
rCold   . . .      Faith    .   (no shield)
rNeg    . . .      Spirit   .   (helmet restricted)
rPois   .          Reflect  .   (no amulet)
rElec   .          Harm     .   (no ring)
rCorr   .          Rampage  .   (no ring)
Will    .....                   (no ring)
Stlth   +++.......              (no ring)
HPRegen 0.08/turn               (no ring)
MPRegen 0.10/turn               (no ring)
                                (no ring)
                                (no ring)

@: no status effects
A: almost no armour, amphibious, 8 rings, camouflage 1, gelatinous body 1,
(nimble swimmer 1), tentacles
a: Renounce Religion


You were on level 2 of the Dungeon.
You worshipped Sif Muna.
Sif Muna was noncommittal.
You visited 1 branch of the dungeon, and saw 2 of its levels.

You collected 59 gold pieces.


Innate Abilities, Weirdness & Mutations

You cannot wear most types of armour.
You are amphibious.
You can wear up to eight rings at the same time.
Your skin changes colour to match your surroundings (Stealth+).
Your rubbery body absorbs attacks. (AC +1, EV +1)
((You are camouflaged when in or above water. (Stealth+)))
You have tentacles for arms and can constrict up to eight enemies at once.


   Skills:
 + Level 1.6 Fighting
 + Level 2.4 Dodging
 + Level 1.9 Stealth
 * Level 3.7 Unarmed Combat
 - Level 2.0 Spellcasting
 - Level 2.0 Transmutations


You had 5 spell levels left.
You knew the following spells:

 Your Spells              Type           Power      Damage    Failure   Level
a - Beastly Appendage     Tmut           14%        N/A       10%         1

Your spell library contained the following spells:

 Spells                   Type           Power      Damage    Failure   Level
 Wereblood                Tmut           7%         N/A       14%         2
 Spider Form              Tmut/Pois      4%         N/A       41%         3
 Ice Form                 Ice/Tmut       4%         N/A       82%         4

Inventory:

Scrolls
 a - a scroll of identify {unknown}
 d - a scroll of silence {unknown}
 e - a scroll of teleportation {unknown}
 f - a scroll of noise {unknown}
Potions
 b - 3 potions of heal wounds {unknown}
 c - a potion of resistance {unknown}
 g - a potion of curing {unknown}

Dungeon Overview and Level Annotations

Branches:
Dungeon (2/15)

Altars:
Sif Muna

Annotations:
D:2 Sigmund

####.................
##....####............
#..##.##........#....
#.###..#.######.#...>
....##...######....##
....................
..................#
....####..........# ##
......##........@.#..##
†...#.##...............#
....#..)..........###...
....###...........# .
...## #....###.##.#
....####.#..##@.#.##
.....# #.##..##....#
.....###.###..##...#
.....#..........#{.######


You could see Sigmund.


Message History

You tentacle-slap the worm. You grab the worm. You constrict the worm.
You tentacle-slap the worm. You constrict the worm. The worm bites you.
You tentacle-slap the worm. You squeeze the worm.
You kill the worm!
HP[-4]
You take 4 damage, and now have 16/23 hp.
A bat comes into view.
HP[+7]
Your hp is fully restored (23).
There is a stone staircase leading up here.
You see here a hobgoblin skeleton.
You see here a +0 dagger {short}.
You see here a bat corpse.
There is a shimmering blue altar of Sif Muna here.
You curl up in front of the altar of Sif Muna.
Sif Muna welcomes you!
Unknown command.
Press < or > to pray at altars.
You miscast Beastly Appendage.
You are very lightly contaminated with residual magic.
Nothing appears to happen.
MP[-1]
You lost 1 mp, and now have 5/6 mp.
One of your tentacles grows a vicious spike.
MP[-1]
You lost 1 mp, and now have 4/6 mp.
The bat closely misses you. The bat barely misses you.
You closely miss the bat. Your grab misses the bat.
You pierce the bat, but do no damage.
Your squeeze misses the bat. The bat closely misses you.
The bat hits you but does no damage.
You tentacle-slap the bat but do no damage.
You grab the bat.
You pierce the bat.
You constrict the bat, but do no damage.
The bat hits you but does no damage. The bat hits you.
The bat escapes!
HP[-1]
You take 1 damage, and now have 22/23 hp.
You closely miss the bat. You grab the bat. You constrict the bat.
You kill the bat!
Sif Muna accepts your kill.
Your magical contamination has completely faded away.
HP[+1]
Your hp is fully restored (23).
You start resting.
Your transformation is almost over.
MP[+2]
Your mp is fully restored (6).
Your tentacle spike disappears.
A hobgoblin comes into view.
One of your tentacles grows a vicious spike.
The hobgoblin shouts!
MP[-1]
You lost 1 mp, and now have 5/6 mp.
You barely miss the hobgoblin. Your grab misses the hobgoblin.
The hobgoblin hits you.
HP[-3]
You take 3 damage, and now have 20/23 hp.
You closely miss the hobgoblin. You grab the hobgoblin.
You pierce the hobgoblin.
You tentacle-slap the hobgoblin.
You kill the hobgoblin!
Sif Muna accepts your kill.
HP[+1]
You now have 24 max hp (+1).
Things that are here:
a sedimented red potion; a hobgoblin corpse Sigmund shouts!
Things that are here:
a sedimented red potion; a hobgoblin corpse
g - a sedimented red potion Your transformation is almost over.
Sigmund casts a spell at you. The puff of flame misses you.
HP[+1] MP[+1]
Your mp is fully restored (6).
Sigmund mumbles some strange words.
Sigmund flickers and vanishes!
Deactivating autopickup; reactivate with Ctrl-A.
Your tentacle spike disappears.
A magic dart appears from out of thin air!
The magic dart hits you.
HP[-3]
You take 3 damage, and now have 19/24 hp.
HP[+1]
Something tries to affect you, but you resist.
Something hits you.
HP[-6]
You take 6 damage, and now have 14/24 hp.
MASSIVE DAMAGE!! (PAUSE) Unknown command.
HP[+1] HP[+1]
A puff of flame appears from out of thin air!
The puff of flame hits you!
* * * LOW HITPOINT WARNING * * *
HP[-11]
You take 11 damage, and now have 5/24 hp.
MASSIVE DAMAGE!! (PAUSE) Sigmund gestures at you while chanting.
The magic dart hits you.
You die...

Skill      XL: |  1  2 |
---------------+-------+-----
Stealth        | 1 |  1.9
Fighting       | |  1.6
Dodging        | |  2.4
Unarmed Combat | |  3.7
Spellcasting   | |  2.0
Transmutations | |  2.0

Action                   || total
-------------------------++-------
Melee: Unarmed           ||    85
       Constrict         ||    28
       Kick              ||    17
       Tentacles         ||    13
       Punch             ||     2
 Cast: Beastly Appendage ||    25
 Stab: Sleeping          ||    17
Armor: Skin              ||     9
Dodge: Dodged            ||    49

Levels and vault maps discovered:
D:1:      lightli_arrival_boilingwater, layout_basic, dk_noncrumbling_2,
          minmay_tiny_reverse_x
D:2:      layout_rooms, basic_altar, uniq_sigmund

Notes
Turn   | Place    | Note
-------+----------+-------------------------------------------
     0 | D:1      | zeratav the Octopode Transmuter began the quest for the
                  | Orb.
     0 | D:1      | Reached XP level 1. HP: 13/13 MP: 3/3
     0 | D:1      | magus.rc [v1.9.6]
   207 | D:1      | Reached XP level 2. HP: 15/18 MP: 3/5
   312 | D:1      | Reached skill level 1 in Stealth
   921 | D:1      | Reached XP level 3. HP: 20/23 MP: 6/6
  1724 | D:2      | Noticed Sigmund
  1793 | D:2      | Found a shimmering blue altar of Sif Muna.
  1993 | D:2      | Became a worshipper of Sif Muna the Loreminder
  2142 | D:2      | HP: 5/24 [something/puff of flame (11)]
  2147 | D:2      | Killed from afar by Sigmund

Vanquished Creatures
  A worm (D:2)
  2 endoplasms (D:1)
  A giant cockroach (D:2)
  4 goblins
  3 hobgoblins
  5 jackals (D:1)
  4 quokkas
  4 ball pythons (D:1)
  6 bats
  4 frilled lizards
  4 kobolds
  4 rats (D:1)
42 creatures vanquished.

Table legend:
 A = Non-vault XP
 B = Vault XP
 C = Vault XP percentage of total XP
 D = Non-vault monster count
 E = Vault monster count
 F = Vault count percentage of total count
                 A         B        C        D         E       F
            +---------+---------+-------+---------+---------+-------
      Total |      68 |       2 |   2.9 |      40 |       2 |   4.8
            +---------+---------+-------+---------+---------+-------
        D:1 |      41 |       2 |   4.7 |      27 |       2 |   6.9
        D:2 |      27 |       0 |   0.0 |      13 |       0 |   0.0
            +---------+---------+-------+---------+---------+-------

Illustrated notes

Table legend:
 A = Kills in this place as a percentage of kills in entire the game.
 B = Kills by you in this place as a percentage of kills by you in the entire game.
 C = Kills by friends in this place as a percentage of kills by friends in the entire game.
 D = Other kills in this place as a percentage of other kills in the entire game.
 E = Experience gained in this place as a percentage of experience gained in the entire game.
 F = Experience gained in this place divided by the number of levels of this place that you have seen.
                   A       B       C       D       E      F
               +-------+-------+-------+-------+-------+----------------------
         Total | 100.0 | 100.0 |   N/A |   N/A | 100.0 |  35.0
       Dungeon | 100.0 | 100.0 |   N/A |   N/A | 100.0 |  35.0
               +-------+-------+-------+-------+-------+----------------------

Table legend: (Time is in decaauts)
 A = Elapsed time spent in this place.
 B = Non-inter-level travel time spent in this place.
 C = Inter-level travel time spent in this place.
 D = Time resting spent in this place.
 E = Time spent auto-exploring this place.
 F = Levels seen in this place.
 G = Mean time per level.
                   A        B        C        D        E       F      G
               +--------+--------+--------+--------+--------+-----+--------+
         Total |   2141 |   1996 |    145 |    279 |   1283 |   2 | 1070.5 |
       Dungeon |   2141 |   1996 |    145 |    279 |   1283 |   2 | 1070.5 |
               +--------+--------+--------+--------+--------+-----+--------+

Top non-repeatable levels by time:
     D:1: 1593 daAuts
     D:2: 547 daAuts
